 Dungeon Crawl Stone Soup version 0.28.0-53-g5a82cb258f (webtiles) character file.

Game seed: 12343787007620406752

65 GigaChad the Slasher (level 3, -28/31 HPs)
             Began as a Minotaur Gladiator on Aug 22, 2022.
             Was a Priest of Lugonu.
             Annihilated by an ogre
             ... wielding a +0 giant club
              (30 damage)
             ... on level 3 of the Dungeon.
             The game lasted 00:03:42 (1596 turns).

GigaChad the Slasher (Minotaur Gladiator)           Turns: 1596, Time: 00:03:43

Health: -28/31     AC:  8    Str: 18    XL:     3   Next: 92%
Magic:  2/2        EV:  8    Int:  7    God:    Lugonu [***...]
Gold:   10         SH:  0    Dex: 11    Spells: 2/2 levels left

rFire   . . .      SeeInvis .   a - +0 long sword
rCold   . . .      Faith    .   (no shield)
rNeg    . . .      Spirit   .   h - +0 chain mail
rPois   .          Reflect  .   c - +0 hat
rElec   .          Harm     .   (no cloak)
rCorr   .          Rampage  .   (no gloves)
Will    .....                   (no boots)
Stlth   ..........              (no amulet)
HPRegen 0.10/turn               (no ring)
MPRegen 0.08/turn               (no ring)

@: no status effects
A: horns 2, retaliatory headbutt
a: Renounce Religion, Depart the Abyss, Bend Space, Banish


You were on level 3 of the Dungeon.
You worshipped Lugonu.
Lugonu was most pleased with you.
You visited 1 branch of the dungeon, and saw 3 of its levels.

You collected 10 gold pieces.

Inventory:

Hand Weapons
 a - a +0 long sword (weapon)
Missiles
 d - 3 throwing nets (quivered)
Armour
 b - a +0 leather armour
 c - a +0 hat (worn)
 h - a +0 chain mail (worn)
Scrolls
 e - a scroll of noise {unknown}
 i - 2 scrolls of holy word {unknown}
 j - a scroll of summoning {unknown}
Potions
 f - 2 potions of curing {unknown}
 g - 2 potions of might {unknown}


   Skills:
 + Level 3.1 Fighting
 + Level 4.1 Long Blades
 + Level 2.3 Throwing
 + Level 2.0 Armour
 + Level 3.9 Dodging


You had 2 spell levels left.
You didn't know any spells.
Your spell library contained the following spells:

 Spells                   Type           Power      Damage    Failure   Level
 Sublimation of Blood     Necr           0%         N/A       100%        2
 Wereblood                Tmut           0%         N/A       100%        2
 Dazzling Flash           Conj/Hex       0%         N/A       100%        3
 Tukima's Dance           Hex            0%         N/A       100%        3
 Anguish                  Hex/Necr       0%         N/A       100%        4
 Iskenderun's Mystic Bla  Conj/Tloc      0%         2d3       100%        4
 Starburst                Conj/Fire      0%         6d3       100%        6
 Enfeeble                 Hex            0%         N/A       100%        7
 Summon Hydra             Summ           0%         N/A       100%        7


Dungeon Overview and Level Annotations

Branches:
Dungeon (3/15)

Altars:
Lugonu


Innate Abilities, Weirdness & Mutations

You have a pair of horns on your head.
You reflexively headbutt those who attack you in melee.


Message History

You now have 10 gold pieces.
You see here a +0 robe.
You see here 12 stones.
Done exploring.
Done exploring.
There is a stone staircase leading up here.
There is a stone staircase leading up here.
There is a stone staircase leading down here.
You climb downwards.
There is a stone staircase leading up here.
Found a stone staircase leading down.
Found a book of Blood.
You pick up a book of Blood and begin reading...
You add the spells Sublimation of Blood, Wereblood and Summon Hydra to your library.
An ogre comes into view. It is wielding a +0 giant club.
Found a leather armour.
The ogre shouts!
You slash the ogre! You headbutt the ogre.
The ogre is heavily wounded.
The ogre hits you with a +0 giant club!!
Ouch! That really hurt!
You hit the ogre. You punch the ogre, but do no damage.
The ogre is heavily wounded.
The ogre hits you with a +0 giant club!
* * * LOW HITPOINT WARNING * * *
You barely miss the ogre. Your headbutt misses the ogre.
The ogre is heavily wounded.
The ogre closely misses you.
Okay, then.
A kobold comes into view. It is wielding a +0 short sword.
The kobold shouts!
The kobold throws a stone.
The stone closely misses you.
The kobold throws a stone.
The stone hits you but does no damage.
The kobold throws a stone.
The stone barely misses you.
The kobold throws a stone.
The stone hits you but does no damage.
You closely miss the kobold. Your headbutt misses the kobold.
The kobold barely misses you.
The ogre hits you with a +0 giant club!!
Ouch! That really hurt!
You die...

.# #.# #. .## #.# #.
..# ##.# #. #.# ..#
#### #. #.# .## #.. ..
#. #.# ..## #.#####.#.
#.# # .#.###..
.......#####.##.###
..#.#.#
#..K@O.........# #....#
#########.##.#..[.
..##.# ############.# #
#
.###.#####............#
.............##########
.#########...# # #####


You could see an ogre and a kobold.

Vanquished Creatures
  2 adders (D:2)
  3 endoplasms
  3 hobgoblins (D:2)
  3 jackals (D:2)
  6 kobolds
  6 quokkas
  6 ball pythons
  8 bats
  3 frilled lizards (D:1)
  2 goblins (D:1)
  2 rats (D:2)
44 creatures vanquished.

Vanquished Creatures (others)
  A withered plant (D:1)
1 creature vanquished.

Grand Total: 45 creatures vanquished

Notes
Turn   | Place    | Note
-------+----------+-------------------------------------------
     0 | D:1      | GigaChad the Minotaur Gladiator began the quest for the
                  | Orb.
     0 | D:1      | Reached XP level 1. HP: 18/18 MP: 0/0
    20 | D:1      | Found a faded altar of an unknown god.
    34 | D:1      | Prayed at the altar of an unknown god.
    34 | D:1      | Became a worshipper of Lugonu the Unformed
    34 | D:1      | Reached * piety under Lugonu
    34 | D:1      | Reached ** piety under Lugonu
   257 | D:1      | Reached XP level 2. HP: 25/25 MP: 1/1
   804 | D:2      | Reached XP level 3. HP: 20/30 MP: 2/2
   998 | D:2      | Reached skill level 4 in Long Blades
  1100 | D:2      | Reached skill level 1 in Armour
  1101 | D:2      | Reached *** piety under Lugonu
  1583 | D:3      | Noticed an ogre
  1588 | D:3      | HP: 1/31 [ogre/+0 giant club (12)]
  1596 | D:3      | Annihilated by an ogre

Illustrated notes

Levels and vault maps discovered:
D:1:      minmay_arrival_cross, layout_loops_ring,
          ebering_ecumenical_altar_petrified
D:2:      layout_loops_cross
D:3:      layout_loops_ring, gammafunk_temple_overflow_statue,
          serial_park_tiny_2

Skill      XL: |  1  2  3 |
---------------+----------+-----
Fighting       | 3 |  3.1
Long Blades    | 4 |  4.1
Armour         | 2 |  2.0
Throwing       | |  2.3
Dodging        | |  3.9

Action                   || total
-------------------------++-------
Melee: Long sword        ||    65
       Headbutt          ||    10
       Punch             ||     1
Armor: Leather armour    ||    18
       Chain mail        ||    17
Dodge: Dodged            ||    66
